 Dungeon Crawl Stone Soup version 0.29.0-4-gdea44cf6ec (webtiles) character file.

Game seed: 1509510083792054509

46 qw the Chopper (level 3, 0/21 HPs)
             Began as a Tengu Warper on Aug 28, 2022.
             Slain by a gnoll
             ... wielding a +0 spear
              (4 damage)
             ... on level 2 of the Dungeon.
             The game lasted 00:00:08 (1567 turns).

qw the Chopper (Tengu Warper)                       Turns: 1567, Time: 00:00:08

Health: 0/21       AC:  3    Str: 13    XL:     3   Next: 66%
Magic:  7/7        EV: 12    Int: 13    God:
Gold:   53         SH:  0    Dex: 13    Spells: 6/6 levels left

rFire   . . .      SeeInvis .   Y - +0 hand axe
rCold   . . .      Faith    .   (no shield)
rNeg    . . .      Spirit   .   b - +0 leather armour
rPois   .          Reflect  .   (helmet restricted)
rElec   .          Harm     .   i - scarf {repulsion}
rCorr   .          Rampage  .   (no gloves)
Will    .....                   (boots unavailable)
Stlth   +.........              (no amulet)
HPRegen 0.07/turn               (no ring)
MPRegen 0.10/turn               (no ring)

@: repel missiles
A: beak, talons 3
a: no special abilities


You were on level 2 of the Dungeon.
You visited 1 branch of the dungeon, and saw 2 of its levels.

You collected 53 gold pieces.


Innate Abilities, Weirdness & Mutations

You have a beak for a mouth.
You have claws for feet.


   Skills:
 - Level 2.0 Fighting
 + Level 4.3 Axes
 - Level 1.0 Throwing
 - Level 1.1 Armour
 - Level 2.1 Dodging
 - Level 2.0 Spellcasting
 - Level 2.4 Translocations


You had 6 spell levels left.
You didn't know any spells.
Your spell library contained the following spells:

 Spells                   Type           Power      Damage    Failure   Level
 Blink                    Tloc           14%        N/A       19%         2
 Gell's Gravitas          Tloc           7%         N/A       36%         3
 Lesser Beckoning         Tloc           7%         N/A       36%         3
 Teleport Other           Tloc           7%         N/A       36%         3
 Manifold Assault         Tloc           7%         N/A       98%         5

Inventory:

Hand Weapons
 e - a +0 whip
 Y - a +0 hand axe (weapon)
Missiles
 d - 5 boomerangs (quivered)
Armour
 b - a +0 leather armour (worn)
 i - a scarf of repulsion (worn)
Scrolls
 h - a scroll of identify
Potions
 a - 2 potions of might {unknown}
 c - a potion of attraction {unknown}
 f - a potion of flight {unknown}
 g - a potion of haste {unknown}

Dungeon Overview and Level Annotations

Branches:
Dungeon (2/15)

Altars:
Yredelemnul

Shops:
D:1 ?


Message History

You throw a boomerang. The boomerang hits the rat.
You kill the rat!
You see here a scroll of blinking.
Found a book of Touch.
a - 2 fuming white potions (gained 1)
g - a pink potion
Enter note:
Enter note: A gnoll comes into view. It is wielding a +0 club.
The gnoll shouts!
You hear a shout!
Throw: 5 boomerangs
Press: ? - help, Q - select action Shift-Dir - straight line, f - gnoll You throw a boomerang.
The boomerang hits the gnoll.
The gnoll is moderately wounded.
You hear a shout! x2
A gnoll comes into view. It is wielding a +0 spear.
1559 ||| Stepping ~*~*~tactically~*~*~ (hiding).
You start waiting.
A gnoll is nearby!
1562 ||| Stepping ~*~*~tactically~*~*~ (hiding).
Throw: 5 boomerangs
Press: ? - help, Q - select action Shift-Dir - straight line, f/p - gnoll You throw a boomerang.
The boomerang hits the gnoll but does no damage.
The gnoll is moderately wounded.
You hit the gnoll. Your peck misses the gnoll.
The gnoll is moderately wounded.
The gnoll misses you.
You hit the gnoll. Your kick misses the gnoll.
The gnoll is heavily wounded.
The gnoll hits you from afar with a +0 spear.
The gnoll hits you with a +0 club.
You barely miss the gnoll. Your peck misses the gnoll.
The gnoll is heavily wounded.
The gnoll barely misses you. The gnoll hits you with a +0 club.
You hit the gnoll.
The gnoll is severely wounded.
The gnoll hits you with a +0 club.
The gnoll hits you from afar with a +0 spear.
You die...

......>.................
...
#.#.#..#..###.##.##.##.#
###.
#.#..............##.##.#
#. #.#.#..#..###.##.# .¤
#.#...........##.#..# .¤
............<.......# .
#.###..#.##...# # . #.#
#.........####.###.# #.#
#.?##.#...gg@?......
#.###.........####.##..#
#.............# #
#......##.#......
#.##...##.g...... #
###.##.#g.#####
#.##.#..# .....#.g# ...
.. ..


You could see 2 gnolls.

Vanquished Creatures
  A dart slug (D:2)
  4 endoplasms
  3 giant cockroaches
  5 hobgoblins
  3 kobolds (D:1)
  5 ball pythons
  8 bats
  7 frilled lizards (D:1)
  3 goblins
  5 rats
44 creatures vanquished.

Notes
Turn   | Place    | Note
-------+----------+-------------------------------------------
     0 | D:1      | qw the Tengu Warper began the quest for the Orb.
     0 | D:1      | Reached XP level 1. HP: 12/12 MP: 4/4
     0 | D:1      | 0 ||| qw: Version: 0.1-a-89-g26bdef1
     0 | D:1      | 0 ||| qw: Game counter: 2908
     0 | D:1      | 0 ||| qw: Always use a shield: true
     0 | D:1      | 0 ||| qw: God list: Okawaru
     0 | D:1      | 0 ||| qw: Allow faded altars: false
     0 | D:1      | 0 ||| qw: Do Orc after D:15 true
     0 | D:1      | 0 ||| qw: Do second Lair branch before Depths: true
     0 | D:1      | 0 ||| qw: Lair rune preference: random
     0 | D:1      | 0 ||| qw: Plans: Normal
     0 | D:1      | 0 ||| PLANNING D:1-11
   192 | D:1      | Found Ryunaoto's Magic Scroll Boutique.
   205 | D:1      | 205 ||| SHOPLISTING scroll of enchant weapon (97 gold, have
                  | 12).
   205 | D:1      | 205 ||| SHOPLISTING scroll of identify (26 gold, have 12).
   220 | D:1      | Reached XP level 2. HP: 17/17 MP: 6/6
   240 | D:1      | Reached skill level 3 in Axes
   530 | D:1      | 530 ||| Stepping ~*~*~tactically~*~*~ (stealth).
   643 | D:1      | 643 ||| Stepping ~*~*~tactically~*~*~ (stealth).
   652 | D:1      | Reached XP level 3. HP: 15/21 MP: 7/7
   785 | D:1      | Found a faded altar of an unknown god.
  1134 | D:1      | 1134 ||| UPGRADING to scarf of repulsion.
  1139 | D:1      | 1139 ||| READING scroll labelled SOOMMORPHEICS.
  1140 | D:1      | 1140 ||| READING 2 scrolls labelled DAW COTIECVAA.
  1141 | D:1      | 1141 ||| DROPPING scroll of blinking.
  1165 | D:2      | Reached skill level 4 in Axes
  1247 | D:2      | Found a basalt altar of Yredelemnul.
  1400 | D:2      | 1400 ||| Stepping ~*~*~tactically~*~*~ (stealth).
  1506 | D:2      | 1506 ||| Stepping ~*~*~tactically~*~*~ (stealth).
  1559 | D:2      | 1559 ||| Stepping ~*~*~tactically~*~*~ (hiding).
  1562 | D:2      | 1562 ||| Stepping ~*~*~tactically~*~*~ (hiding).
  1567 | D:2      | HP: 4/21 [gnoll/+0 club (2)]
  1567 | D:2      | Slain by a gnoll

Levels and vault maps discovered:
D:1:      spicycebolla_arrival_xxxplode, layout_loops_corners,
          shapermc_ecumenical_altar_totnotflames, serial_shops, shop,
          minmay_lizard_pond
D:2:      layout_basic, basic_altar, grunt_decor_junction

Skill      XL: |  1  2  3 |
---------------+----------+-----
Axes           | 3 4 |  4.3
Fighting       | |  2.0
Throwing       | |  1.0
Armour         | |  1.1
Dodging        | |  2.1
Spellcasting   | |  2.0
Translocations | |  2.4

Action                   || total
-------------------------++-------
Melee: Hand axe          ||    64
       Peck              ||     9
       Kick              ||    10
       Punch             ||     1
Throw: Boomerang         ||    48
  Use: Scroll            ||     2
Armor: Leather armour    ||    11
Dodge: Dodged            ||    38

Table legend:
 A = Non-vault XP
 B = Vault XP
 C = Vault XP percentage of total XP
 D = Non-vault monster count
 E = Vault monster count
 F = Vault count percentage of total count
                 A         B        C        D         E       F
            +---------+---------+-------+---------+---------+-------
      Total |      59 |       7 |  10.6 |      37 |       7 |  15.9
            +---------+---------+-------+---------+---------+-------
        D:1 |      34 |       7 |  17.1 |      24 |       7 |  22.6
        D:2 |      25 |       0 |   0.0 |      13 |       0 |   0.0
            +---------+---------+-------+---------+---------+-------
